 Dungeon Crawl Stone Soup version 0.17-a0-1475-g9f81d98 (console) character file.

226 Monkaria the Skirmisher (level 5, -1/52 HPs)
             Began as a Minotaur Wanderer on July 2, 2015.
             Was an Initiate of Okawaru.
             Slain by a worker ant (2 damage)
             ... on level 4 of the Dungeon.
             The game lasted 00:06:28 (3096 turns).

Monkaria the Skirmisher (Minotaur Wanderer)         Turns: 3096, Time: 00:06:28

Health: -1/52      AC: -2    Str: 14    XL:     5   Next: 69%
Magic:  4/4        EV: 11    Int: 12    God:    Okawaru [......]
Gold:   118        SH:  0    Dex: 10    Spells: 0 memorised, 4 levels left

rFire  + . .     SeeInvis .     a - +2 spear
rCold  + . .     Clarity  .     d - +0 robe
rNeg   . . .     SustAt   .     (no shield)
rPois  +         Gourm    .     (helmet restricted)
rElec  +         Spirit   .     (no cloak)
rCorr  +         Warding  .     (no gloves)
rMut   .         Stasis   .     (no boots)
MR     .....                    (no amulet)
Stlth  +.........               (no ring)
                                (no ring)

@: lethally poisoned (-1 -> -2), resistant, corroded equipment, drained, not
resistant to hostile enchantments, very unstealthy
A: retaliatory headbutt, horns 2
a: Renounce Religion


You were on level 4 of the Dungeon.
You worshipped Okawaru.
Okawaru was noncommittal.
You were not hungry.

You visited 1 branch of the dungeon, and saw 4 of its levels.

You collected 118 gold pieces.

Inventory:

Hand weapons
 a - a +2 spear (weapon)
 r - a +0 trident
Missiles
 m - 31 poisoned needles
 p - 6 tomahawks (quivered)
Armour
 d - a +0 robe (worn)
Scrolls
 f - a scroll of fear {unknown}
 g - 2 scrolls of identify {unknown}
 h - a scroll of teleportation {unknown}
 l - 2 scrolls of amnesia {unknown}
 n - a scroll of immolation {unknown}
Potions
 j - a potion of magic {unknown}
Books
 s - a book of the Dragon

   Spells                             Type                      Level
   a - Flame Tongue                   Conjuration/Fire             1
   b - Cause Fear                     Hexes                        4
   c - Bolt of Fire                   Conjuration/Fire             6
   d - Dragon Form                    Transmutation                7
   e - Dragon's Call                  Summoning                    9
Comestibles
 b - a chunk of flesh
 e - 2 bread rations
 k - 3 fruits
 o - a meat ration


   Skills:
 - Level 7.2(5.9) Fighting
 + Level 6.9(5.7) Polearms
 - Level 1.0(0.0) Throwing
 - Level 1.0(0.0) Stealth
   Level 1.0(0.0) Evocations


You had 4 spell levels left.
You didn't know any spells.

Dungeon Overview and Level Annotations

Branches:
Dungeon (4/15)
 Temple: D:4-7

Altars:
Okawaru
Sif Muna


Innate Abilities, Weirdness & Mutations

You reflexively headbutt those who attack you in melee.
You have a pair of horns on your head.


Message History

You are too injured to fight recklessly!
You are too injured to fight recklessly!
You are too injured to fight recklessly!
You are too injured to fight recklessly!
You barely miss the worker ant.
The worker ant is moderately wounded.
The worker ant bites you.
* * * LOW HITPOINT WARNING * * *
You barely miss the worker ant.
The worker ant is moderately wounded.
You feel sick. The worker ant barely misses you.
You hit the worker ant.
The worker ant is moderately wounded.
The worker ant bites you.
* * * LOW HITPOINT WARNING * * *
Drink which item? (? for menu, Esc to quit)
It was a potion of resistance.
You feel protected. The worker ant bites you.
You die...

[. # ... .#....
.#....
####......
#.......##
######.#a.....#
#......@.#
#.####...#
#.#......#..
#.#..........
#.#(..........
###<#..#..#.####
#..<......(...
#.###..####.##.
# #..# ...


You could see a worker ant.

Vanquished Creatures
  A hound (D:4)
  A jelly (D:4)
  A worker ant (D:3)
  5 adders
  4 giant geckos
  14 orcs (D:3)
  5 giant cockroaches
  8 hobgoblins
  2 jackals (D:1)
  6 bats
  3 giant newts
  9 goblins
  15 kobolds
  11 rats
  A bush (D:1)
86 creatures vanquished.

Notes
Turn   | Place    | Note
--------------------------------------------------------------
     0 | D:1      | Monkaria the Minotaur Wanderer began the quest for the Orb.
     0 | D:1      | Monkaria set off with: a +2 spear, a potion of lignification, a potion of curing, a +0 robe, a bread ration
     0 | D:1      | Reached XP level 1. HP: 26/26 MP: 0/0
    59 | D:1      | HP: 1/26 [kobold/dagger (5)]
   531 | D:1      | Reached XP level 2. HP: 26/34 MP: 1/1
   831 | D:1      | Reached XP level 3. HP: 33/39 MP: 2/2
  1177 | D:2      | Found a deep blue altar of Sif Muna.
  1737 | D:2      | Reached XP level 4. HP: 47/47 MP: 3/3
  2138 | D:1      | Reached skill level 5 in Polearms
  2366 | D:3      | HP: 2/47 [adder (2)]
  2376 | D:3      | Reached XP level 5. HP: 14/52 MP: 4/4
  2707 | D:3      | Found an iron altar of Okawaru.
  2963 | D:3      | Became a worshipper of Warmaster Okawaru
  3095 | D:4      | HP: 1/52 [worker ant (6)]
  3096 | D:4      | Slain by a worker ant

Vault maps used:
D:1:      dpeg_arrival_lava_temple_mockup, minmay_misc_feat_tiny,
          lexackson_kobold_supper
D:2:      lemuel_crystal_altar, first_bread
D:3:      overflow_temple_1_default, st_stairs_5
D:4:      trog_three_pillars_becter

Action                   |  1- 3 |  4- 6 || total
-------------------------+-------+-------++-------
Melee: Spear             |   180 |   136 ||   316
Throw: Tomahawk          |       |     3 ||     3
  Use: Potion            |       |     3 ||     3
 Stab: Sleeping          |     3 |     1 ||     4
  Eat: Chunk             |     2 |     5 ||     7
